 Dungeon Crawl Stone Soup version 0.29-a0-344-ge2f44be95a (webtiles) character file.

Game seed: 3780963111490132410

39374 jimonade the Thaumaturge (level 14, -4/106 HPs)
             Began as a Gnoll Hedge Wizard on Apr 21, 2022.
             Was the Champion of Okawaru.
             Slain by Rupert
             ... wielding a +0 great sword of holy wrath
              (15 damage)
             ... on level 6 of the Lair of Beasts on Apr 22, 2022.
             The game lasted 02:07:12 (32117 turns).

jimonade the Thaumaturge (Gnoll Hedge Wizard)      Turns: 32117, Time: 02:07:13

Health: -4/106     AC: 25    Str: 11    XL:     14   Next: 6%
Magic:  28/29      EV: 15    Int: 14    God:    Okawaru [******]
Gold:   876        SH:  0    Dex: 11    Spells: 10/35 levels left

rFire   . . .      SeeInvis .   a - +12 pair of quick blades "Gyre" and "Gimble" {protect}
rCold   . . .      Faith    +   (shield currently unavailable)
rNeg    + . .      Spirit   .   N - +2 scale mail "Woig" {rElec Regen+ Dex-3}
rPois   +          Reflect  .   o - +2 helmet
rElec   +          Harm     .   k - +2 ratskin cloak {*Rats rPois rN+ Str-1 Int-1 Dex+1}
rCorr   .          Rampage  +   I - +0 pair of gloves
Will    +....                   E - +1 pair of boots {rampage}
Stlth   +++.......              Z - amulet of faith
HPRegen 1.07/turn               n - +4 ring of protection
MPRegen 0.21/turn               M - +4 ring of evasion

@: no status effects
A: fangs 1, strong nose, distributed training
a: Renounce Religion, Heroism, Finesse, Duel


You were on level 6 of the Lair of Beasts.
You worshipped Okawaru.
Okawaru was exalted by your worship.
You visited 3 branches of the dungeon, and saw 18 of its levels.

You collected 876 gold pieces.

Inventory:

Hand Weapons
 a - the +12 pair of quick blades "Gyre" and "Gimble" (weapon) {protect}
   (You found it on level 7 of the Dungeon)

   It grants its wielder temporary protection when it strikes (+7 to AC).
 b - a +5 spear of venom
 i - the +7 shortbow "Vihyarab" {freeze, rElec rF+}
   (Okawaru gifted it to you on level 2 of the Lair of Beasts)

   Any ammunition fired from it freezes those it strikes, dealing additional
   cold damage.
   It can also slow down cold-blooded creatures.
   rF:        It protects you from fire.
   rElec:     It insulates you from electricity.
Missiles
 j - 7 atropa-tipped darts
 B - 11 poisoned darts
 O - 7 curare-tipped darts
 Q - a throwing net
 S - 4 silver javelins
 W - 5 javelins
Armour
 f - a +2 animal skin
 k - the +2 ratskin cloak (worn) {*Rats rPois rN+ Str-1 Int-1 Dex+1}
   (You found it on level 2 of the Lair of Beasts)

   When the wearer is hurt, rats may emerge from it to assist them.
   Str:       It affects your strength (-1).
   Int:       It affects your intelligence (-1).
   Dex:       It affects your dexterity (+1).
   rPois:     It protects you from poison.
   rN:        It protects you from negative energy.
 o - a +2 helmet (worn)
 D - the +1 cloak of Zorogixo {*Corrode Will+++ Dex+3 SInv}
   (Okawaru gifted it to you on level 11 of the Dungeon)

   Dex:       It affects your dexterity (+3).
   SInv:      It lets you see invisible.
   *Corrode:  It may corrode you when you take damage.
   Will:      It greatly increases your willpower.
 E - a +1 pair of boots of rampaging (worn)
 I - a +0 pair of gloves (worn)
 N - the +2 scale mail "Woig" (worn) {rElec Regen+ Dex-3}
   (Okawaru gifted it to you on level 6 of the Lair of Beasts)

   Dex:       It affects your dexterity (-3).
   rElec:     It insulates you from electricity.
   Regen:     It increases your rate of health regeneration.
 V - a +1 robe of cold resistance
 X - a +0 hat of intelligence
Jewellery
 c - a ring of positive energy
 n - a +4 ring of protection (left hand)
 t - a ring of magical power
 y - a ring of protection from cold
 A - a ring of wizardry
 M - a +4 ring of evasion (right hand)
 U - a ring of ice
 Z - an amulet of faith (around neck)
Wands
 m - a wand of digging (2)
 F - a wand of acid (7)
 R - a wand of flame (20)
 T - a wand of iceblast (5)
Scrolls
 e - 7 scrolls of teleportation
 h - 2 scrolls of torment {unknown}
 l - 2 scrolls of enchant armour {unknown}
 p - 2 scrolls of enchant weapon
 s - a scroll of brand weapon {unknown}
 u - 2 scrolls of magic mapping
 w - 3 scrolls of identify
 x - 3 scrolls of blinking {unknown}
 G - 2 scrolls of vulnerability {unknown}
 H - a scroll of amnesia {unknown}
 J - a scroll of fear {unknown}
Potions
 d - 3 potions of magic
 g - 10 potions of curing
 q - 3 potions of flight
 r - 4 potions of berserk rage
 v - a potion of lignification
 z - 5 potions of brilliance
 C - 7 potions of ambrosia
 K - a potion of haste {unknown}
 L - 2 potions of heal wounds
 Y - a potion of degeneration {unknown}


   Skills:
 + Level 8.9 Fighting
 + Level 8.9 Short Blades
 + Level 8.9 Long Blades
 + Level 8.9 Axes
 + Level 8.9 Maces & Flails
 + Level 8.9 Polearms
 + Level 8.9 Staves
 + Level 8.9 Slings
 + Level 8.9 Bows
 + Level 8.9 Crossbows
 + Level 8.9 Throwing
 + Level 8.9 Armour
 + Level 10.0 Dodging
 + Level 9.8 Stealth
 + Level 8.9 Shields
 + Level 8.9 Unarmed Combat
 + Level 11.3 Spellcasting
 + Level 7.7 Conjurations
 + Level 7.4 Hexes
 + Level 7.7 Summonings
 + Level 7.4 Necromancy
 + Level 7.7 Translocations
 + Level 7.4 Transmutations
 + Level 7.4 Fire Magic
 + Level 7.4 Ice Magic
 + Level 7.4 Air Magic
 + Level 7.4 Earth Magic
 + Level 7.4 Poison Magic
 + Level 9.7 Invocations
 + Level 8.9 Evocations


You had 10 spell levels left.
You knew the following spells:

 Your Spells              Type           Power      Damage    Failure   Level
a - Magic Dart            Conj           100%       1d8       1%          1
b - Blink                 Tloc           58%        N/A       2%          2
c - Call Imp              Summ           29%        N/A       2%          2
d - Slow                  Hex            100%       N/A       1%          1
e - Conjure Flame         Conj/Fire      29%        6-21      5%          3
f - Mephitic Cloud        Conj/Pois/Air  29%        N/A       5%          3
g - Passwall              Tmut/Erth      23%        N/A       2%          2
h - Stone Arrow           Conj/Erth      58%        3d10      5%          3
i - Iskenderun's Mystic   Conj/Tloc      29%        2d7       16%         4
j - Fulminant Prism       Conj/Hex       14%        3d9       17%         4

Your spell library contained the following spells:

 Spells                   Type           Power      Damage    Failure   Level
 Sandblast                Erth           56%        2d13      1%          1
 Sting                    Tmut/Pois      100%       1d8       1%          1
 Ensorcelled Hibernation  Hex/Ice        56%        N/A       2%          2
 Lesser Beckoning         Tloc           29%        N/A       4%          3
 Dazzling Flash           Conj/Hex       58%        N/A       5%          3
 Inner Flame              Hex/Fire       28%        N/A       5%          3
 Portal Projectile        Hex/Tloc       58%        N/A       5%          3
 Spider Form              Tmut/Pois      28%        N/A       5%          3
 Swiftness                Air            28%        N/A       5%          3
 Anguish                  Hex/Necr       14%        N/A       19%         4
 Leda's Liquefaction      Hex/Erth       14%        N/A       19%         4
 Fireball                 Conj/Fire      14%        3d8       43%         5
 Alistair's Intoxication  Tmut/Pois      18%        N/A       45%         5
 Borgnjor's Vile Clutch   Necr/Erth      14%        N/A       45%         5
 Lee's Rapid Deconstruct  Erth           14%        3d10*     45%         5
 Starburst                Conj/Fire      14%        6d6       95%         6
 Eringya's Noxious Bog    Tmut/Pois      14%        N/A       96%         6
 Storm Form               Tmut/Air       14%        N/A       100%        7
 Ignition                 Fire           14%        3d6       100%        8
 Lehudib's Crystal Spear  Conj/Erth      14%        10d5      100%        8
 Maxwell's Capacitive Co  Air            14%        ∞         100%        8
 Call Canine Familiar     Summ           Unusable   N/A       N/A         3
 Animate Armour           Summ/Erth      Unusable   N/A       N/A         4
 Summon Lightning Spire   Summ/Air       Unusable   N/A       N/A         4

Dungeon Overview and Level Annotations

Branches:
Dungeon (11/15)            Temple (1/1) D:5            Lair (6/6) D:8
  Swamp (0/4) Lair:2        Snake (0/4) Lair:3
  Slime: Lair:5-6       Orc: D:9-12

Altars:
Ashenzari
Cheibriados
Dithmenos
Elyvilon
Fedhas
Gozag
Hepliaklqana
Kikubaaqudgha
Makhleb
Nemelex Xobeh
Okawaru
Qazlal
Ru
Sif Muna
Trog
Uskayaw
Vehumet
Wu Jian
Xom
Yredelemnul
Zin
The Shining One

Shops:
D:9 !

Annotations:
D:5 Ijyb
D:8 1 runed translucent door
D:9 exclusion: downstairs
Lair:1 2 transporters, 3 runed translucent doors, HendSelp's ghost, journeyman DEHu
Lair:5 exclusion: downstairs
Lair:6 Rupert


Innate Abilities, Weirdness & Mutations

You have very sharp teeth.
Your uncanny sense of smell can sniff out nearby items.
Your experience applies equally to all skills.


Message History

You suddenly lose the ability to move!
Rupert roars madly and goes into a rage!
Rupert goes berserk!
Rupert hits you with a +0 great sword of holy wrath.
Rupert hits you with a +0 great sword of holy wrath!!
You can move again.
You are too confused!
You are too confused!
Rupert rages.
Rupert completely misses you.
You're too confused to move!
Rupert closely misses you.
You feel less confused.
Rupert hits you with a +0 great sword of holy wrath!!
You puncture Rupert!
Your weapon exudes an aura of protection.
You bite Rupert. You barely miss Rupert. You barely miss Rupert.
You hit Rupert.
Rupert hits you with a +0 great sword of holy wrath!!
You completely miss Rupert. x2
You hit Rupert. You puncture Rupert! Rupert hits you but does no damage.
As you read the scroll of teleportation, it crumbles to dust.
You feel strangely unstable.
Rupert hits you with a +0 great sword of holy wrath!!
* * * LOW HITPOINT WARNING * * *
You hit Rupert. You puncture Rupert! Rupert closely misses you.
Casting: Stone Arrow (mildly dangerous; 5% risk of failure)
Confirm with . or Enter, or press ? or * to list all spells.
You blink.
Your surroundings seem slightly different.
Rupert barely misses you. Rupert attacks as you move away! Rupert misses you.
Rupert hits you with a +0 great sword of holy wrath.
* * * LOW HITPOINT WARNING * * *
Rupert attacks as you move away! Rupert hits you but does no damage.
You feel stable enough to blink again. Rupert attacks as you move away!
Rupert completely misses you. Rupert hits you but does no damage.
Rupert attacks as you move away!
Rupert hits you with a +0 great sword of holy wrath!
You die...

......?.P ##.......#
#........#
##.......# ###
##........##
####.####.#........#
....#..#.#..(...#..#
...............@@#
...............###
..............##
.............##
............##
.........^###
#....##.###
###P##### ###


You could see Rupert (berserk).

Vanquished Creatures
  Gastronok (D:10)
  Fannar (D:10)
  2 hydras
  5 two-headed ogres
  3 death yaks (Lair:4)
  3 bog bodies (Lair:2)
  2 black mambas
  A torpor snail (Lair:2)
  Maggie (D:10)
  2 rime drakes
  10 cane toads
  8 komodo dragons
  A queen bee (D:9)
  A troll (D:9)
  A polar bear (Lair:6)
  22 blink frogs
  5 dream sheep (Lair:6)
  A hornet (Lair:6)
  A shadow (D:11)
  A spriggan (D:7)
  3 wyverns
  2 wraiths
  2 basilisks
  58 yaks
  4 steam dragons
  2 swamp worms (Lair:2)
  3 nagas (Lair:3)
  An acid dragon (D:10)
  13 water moccasins
  2 orc warriors
  An ice beast (D:8)
  4 black bears
  13 wolves
  3 ogres
  3 centaurs (D:8)
  A phantom (D:6)
  9 bullfrogs
  A necrophage (D:6)
  3 gnoll sergeants
  2 kobold brigands
  6 wights
  4 scorpions
  21 killer bees
  6 electric eels
  4 howler monkeys
  3 jellies
  4 orc priests
  3 hounds
  A human skeleton (D:8)
  Terence (D:2)
  2 iguanas
  4 orc wizards
  Robin (D:2)
  11 gnolls
  5 adders
  A white imp (D:6)
  A worm (D:2)
  2 dart slugs
  32 orcs
  8 endoplasms
  3 giant cockroaches
  8 hobgoblins
  4 jackals (D:1)
  7 quokkas
  5 ball pythons
  7 bats
  3 frilled lizards
  16 goblins
  17 kobolds
  7 rats
  A plant (Lair:1)
400 creatures vanquished.

Vanquished Creatures (collateral kills)
  A frilled lizard (D:1)
1 creature vanquished.

Vanquished Creatures (others)
  3 fulminant prisms (Lair:1)
  31 fungi
  68 plants
102 creatures vanquished.

Grand Total: 503 creatures vanquished

Notes
Turn   | Place    | Note
-------+----------+-------------------------------------------
     0 | D:1      | jimonade the Gnoll Hedge Wizard began the quest for the
                  | Orb.
     0 | D:1      | Reached XP level 1. HP: 13/13 MP: 8/8
     7 | D:1      | Found a faded altar of an unknown god.
   445 | D:1      | Reached XP level 2. HP: 19/19 MP: 8/10
  1082 | D:1      | Reached XP level 3. HP: 23/25 MP: 11/11
  1085 | D:1      | Learned a level 2 spell: Blink
  1088 | D:1      | Learned a level 2 spell: Call Imp
  1090 | D:1      | Learned a level 1 spell: Slow
  1783 | D:1      | Reached skill level 1 in Invocations
  1968 | D:2      | Noticed Robin
  2238 | D:2      | Reached skill level 1 in Fighting
  2238 | D:2      | Reached skill level 1 in Short Blades
  2238 | D:2      | Reached skill level 1 in Long Blades
  2238 | D:2      | Reached skill level 1 in Axes
  2238 | D:2      | Reached skill level 1 in Maces & Flails
  2238 | D:2      | Reached skill level 1 in Polearms
  2238 | D:2      | Reached skill level 1 in Staves
  2238 | D:2      | Reached skill level 1 in Slings
  2238 | D:2      | Reached skill level 1 in Bows
  2238 | D:2      | Reached skill level 1 in Crossbows
  2238 | D:2      | Reached skill level 1 in Throwing
  2238 | D:2      | Reached skill level 1 in Armour
  2238 | D:2      | Reached skill level 1 in Shields
  2238 | D:2      | Reached skill level 1 in Unarmed Combat
  2238 | D:2      | Reached skill level 1 in Evocations
  2365 | D:2      | Killed Robin
  2366 | D:2      | Reached XP level 4. HP: 23/32 MP: 10/13
  2693 | D:2      | You fall into a shaft and drop 1 floor!
  2845 | D:2      | Found a radiant altar of Vehumet.
  2855 | D:2      | Reached skill level 1 in Hexes
  2855 | D:2      | Reached skill level 1 in Necromancy
  2855 | D:2      | Reached skill level 1 in Transmutations
  2855 | D:2      | Reached skill level 1 in Fire Magic
  2855 | D:2      | Reached skill level 1 in Ice Magic
  2855 | D:2      | Reached skill level 1 in Air Magic
  2855 | D:2      | Reached skill level 1 in Earth Magic
  2855 | D:2      | Reached skill level 1 in Poison Magic
  3036 | D:2      | Noticed Terence
  3050 | D:2      | Killed Terence
  3051 | D:2      | Reached XP level 5. HP: 37/37 MP: 14/14
  3474 | D:3      | Found a faded altar of an unknown god.
  3479 | D:3      | Found a snail-covered altar of Cheibriados.
  3546 | D:3      | Learned a level 3 spell: Conjure Flame
  3550 | D:3      | Learned a level 3 spell: Mephitic Cloud
  4288 | D:4      | Found a glowing silver altar of Zin.
  4593 | D:4      | Found a white marble altar of Elyvilon.
  4774 | D:4      | Reached XP level 6. HP: 43/44 MP: 16/16
  5063 | D:4      | Reached skill level 5 in Dodging
  5380 | D:5      | Entered Level 5 of the Dungeon
  5820 | D:5      | Found a shimmering altar of Xom.
  5994 | D:5      | Found a staircase to the Ecumenical Temple.
  6003 | Temple   | Entered the Ecumenical Temple
  6108 | D:5      | Reached XP level 7. HP: 50/50 MP: 18/18
  6440 | D:5      | Learned a level 2 spell: Passwall
  6452 | D:5      | Noticed Ijyb
  7363 | D:6      | Reached skill level 5 in Stealth
  7579 | D:6      | Reached XP level 8. HP: 52/57 MP: 19/19
  7717 | D:6      | Learned a level 3 spell: Stone Arrow
  8166 | D:6      | Found an iron altar of Okawaru.
  8174 | D:6      | Became a worshipper of Warmaster Okawaru
  9106 | D:6      | Reached skill level 8 in Spellcasting
 10112 | D:7      | Noticed a two-headed ogre
 10112 | D:7      | Noticed a two-headed ogre
 10442 | D:7      | Reached * piety under Okawaru
 10931 | D:6      | Reached XP level 9. HP: 65/65 MP: 13/21
 12782 | D:8      | Noticed a komodo dragon
 13230 | D:8      | Noticed a komodo dragon
 13237 | D:8      | Killed a komodo dragon
 13237 | D:8      | Reached ** piety under Okawaru
 13238 | D:8      | Reached skill level 5 in Invocations
 13888 | D:8      | Reached XP level 10. HP: 73/73 MP: 19/22
 14884 | D:8      | Reached skill level 5 in Fighting
 14884 | D:8      | Reached skill level 5 in Short Blades
 14884 | D:8      | Reached skill level 5 in Long Blades
 14884 | D:8      | Reached skill level 5 in Axes
 14884 | D:8      | Reached skill level 5 in Maces & Flails
 14884 | D:8      | Reached skill level 5 in Polearms
 14884 | D:8      | Reached skill level 5 in Staves
 14884 | D:8      | Reached skill level 5 in Slings
 14884 | D:8      | Reached skill level 5 in Bows
 14884 | D:8      | Reached skill level 5 in Crossbows
 14884 | D:8      | Reached skill level 5 in Throwing
 14884 | D:8      | Reached skill level 5 in Armour
 14884 | D:8      | Reached skill level 5 in Shields
 14884 | D:8      | Reached skill level 5 in Unarmed Combat
 14884 | D:8      | Reached skill level 5 in Evocations
 15558 | D:8      | Found a staircase to the Lair.
 15869 | D:8      | Found a runed translucent door.
 15879 | D:8      | Found a basalt altar of Yredelemnul.
 15895 | D:8      | Reached *** piety under Okawaru
 17164 | D:8      | Found a hide-covered altar of Uskayaw.
 17564 | D:9      | Found Petic's Distillery.
 17604 | D:9      | Found a radiant altar of Vehumet.
 17611 | D:9      | Noticed a two-headed ogre
 17675 | D:9      | Reached skill level 9 in Spellcasting
 17745 | D:9      | Killed a two-headed ogre
 17746 | D:9      | Reached skill level 5 in Conjurations
 17746 | D:9      | Reached skill level 5 in Summonings
 17746 | D:9      | Reached skill level 5 in Translocations
 18189 | D:9      | Reached **** piety under Okawaru
 18475 | D:9      | Received a gift from Okawaru
 19173 | D:9      | Reached XP level 11. HP: 81/81 MP: 24/24
 19966 | D:10     | Entered Level 10 of the Dungeon
 19966 | D:10     | Noticed Maggie
 19966 | D:10     | Noticed Gastronok
 20001 | D:10     | Noticed Fannar
 20075 | Lair:1   | Entered Level 1 of the Lair of Beasts
 20133 | Lair:1   | Learned a level 4 spell: Iskenderun's Mystic Blast
 20138 | Lair:1   | Learned a level 4 spell: Fulminant Prism
 20214 | D:7      | Killed a two-headed ogre
 20215 | D:7      | Reached skill level 5 in Hexes
 20215 | D:7      | Reached skill level 5 in Necromancy
 20215 | D:7      | Reached skill level 5 in Transmutations
 20215 | D:7      | Reached skill level 5 in Fire Magic
 20215 | D:7      | Reached skill level 5 in Ice Magic
 20215 | D:7      | Reached skill level 5 in Air Magic
 20215 | D:7      | Reached skill level 5 in Earth Magic
 20215 | D:7      | Reached skill level 5 in Poison Magic
 20223 | D:7      | Killed a two-headed ogre
 20223 | D:7      | Reached ***** piety under Okawaru
 20256 | D:7      | Found the +12 pair of quick blades "Gyre" and "Gimble"
                  | {protect}
 20487 | D:10     | Received a gift from Okawaru
 20492 | D:10     | Noticed a two-headed ogre
 20507 | D:10     | Killed a two-headed ogre
 20688 | D:10     | Found an opulent altar of Gozag.
 21072 | D:10     | Killed Maggie
 21169 | D:10     | Found a shimmering blue altar of Sif Muna.
 21205 | D:10     | Killed Fannar
 21319 | D:10     | Killed Gastronok
 21319 | D:10     | Received a gift from Okawaru
 21589 | D:10     | Found a stormy altar of Qazlal.
 21920 | D:11     | Noticed a two-headed ogre
 21949 | D:11     | Killed a two-headed ogre
 21949 | D:11     | Identified the +1 cloak of Zorogixo {*Corrode Will+++ Dex+3
                  | SInv} (Okawaru gifted it to you on level 11 of the Dungeon)
 21949 | D:11     | Received a gift from Okawaru
 22339 | D:11     | Reached skill level 10 in Spellcasting
 22339 | D:11     | Reached XP level 12. HP: 58/89 MP: 26/26
 22528 | D:11     | Found a burning altar of Makhleb.
 23875 | Lair:2   | Found the +2 ratskin cloak {*Rats rPois rN+ Str-1 Int-1
                  | Dex+1}
 24219 | Lair:1   | Found a transporter.
 24245 | Lair:1   | Found a transporter.
 24321 | Lair:1   | Found a runed translucent gate.
 24321 | Lair:1   | Found a runed translucent gate.
 24321 | Lair:1   | Found a runed translucent gate.
 24639 | Lair:1   | Noticed HendSelp's ghost (journeyman DEHu)
 24670 | Lair:2   | Noticed a seven-headed hydra
 25301 | Lair:2   | Identified the +7 shortbow "Vihyarab" {freeze, rElec rF+}
                  | (Okawaru gifted it to you on level 2 of the Lair of Beasts)
 25301 | Lair:2   | Received a gift from Okawaru
 25849 | Lair:2   | Killed a seven-headed hydra
 26122 | Lair:2   | Reached XP level 13. HP: 81/98 MP: 27/27
 26420 | Lair:2   | Found a staircase to the Swamp.
 27289 | Lair:3   | Got the Grimoire of Displaced Curses
 27910 | Lair:3   | Found a staircase to the Snake Pit.
 28233 | Lair:3   | Received a gift from Okawaru
 28779 | Lair:4   | Reached skill level 11 in Spellcasting
 28858 | Lair:4   | Identified the +3 arbalest "Veeqeik" {speed, rElec}
                  | (Okawaru gifted it to you on level 4 of the Lair of Beasts)
 28858 | Lair:4   | Received a gift from Okawaru
 29084 | Lair:4   | Reached ****** piety under Okawaru
 30180 | Lair:5   | Received a gift from Okawaru
 30424 | Lair:5   | Received a gift from Okawaru
 30688 | Lair:5   | Got the Compendium of Venomous Moulding
 31061 | Lair:6   | Entered Level 6 of the Lair of Beasts
 31746 | Lair:6   | Reached skill level 10 in Dodging
 31746 | Lair:6   | Reached XP level 14. HP: 96/106 MP: 27/29
 32003 | Lair:6   | Identified the +2 scale mail "Woig" {rElec Regen+ Dex-3}
                  | (Okawaru gifted it to you on level 6 of the Lair of Beasts)
 32003 | Lair:6   | Received a gift from Okawaru
 32091 | Lair:6   | Noticed Rupert
 32098 | Lair:6   | Paralysed by Rupert for 4 turns
 32117 | Lair:6   | Slain by Rupert

Illustrated notes

Levels and vault maps discovered:
D:1:      dpeg_arrival_tiny_a, layout_loops_cross,
          hellmonk_ecumenical_altar_lost_god, st_stairs_9,
          hangedman_feature_mirror, kennysheep_minor_cross
D:2:      layout_basic, basic_altar, minmay_pentomino_w4, uniq_terence,
          uniq_robin
D:3:      layout_rooms, nicolae_overflow_ecumenical_swirl, minmay_hedge_maze
D:4:      layout_gridville, lemuel_tele_altar, elyvilon_altar_1,
          chequers_serial_rivers_micro_a
D:5:      layout_gridville, xom_teletrap_fun, minmay_temple_entry_poolview,
          dreamdust_princess_corridor, corexii_checkpoint_b, uniq_ijyb
D:6:      layout_basic, mainiacjoe_overflow_brackets, serial_bayou_crossing
D:7:      layout_loops_ring, serial_bayou_pond_a, minmay_crystal_room,
          serial_park_tiny_1, hellmonk_guarded_unrand_gyre_and_gimble
D:8:      layout_loops_ring, dk_yredelemnul_ordeal, nicolae_uskayaw_suspiria,
          grunt_lair_entry_orc_guard_hut, serial_bayou_ford_a,
          hangedman_abyss_or_decor_slice
D:9:      layout_basic, lemuel_doored_altar, serial_shops,
          nicolae_lakefront_shop, special_room [special_room_bee],
          minmay_misc_feat_chi
D:10:     layout_rooms, kennysheep_mini, nicolae_overflow_crystal_walls,
          mainiacjoe_overflow_alcove_4, uniq_fannar, uniq_maggie, uniq_gastronok
D:11:     layout_irregular_city, bloody_makhleb
Temple:   minmay_freezing_vapour_temple
Lair:1:   gammafunk_worm_tunnel, layout_cellular_growth,
          gammafunk_ghost_necromancy, grunt_megastairs_5
Lair:2:   layout_roguey, nicolae_swamp_entry_splash_gauntlet,
          chequers_serial_rivers_large_b, grunt_forest_stairs_basic
Lair:3:   layout_loops_ring, minmay_snake_entry_guardpost_small,
          infiniplex_staircase_pool_2, grunt_megastairs_1
Lair:4:   layout_cave_pods, lemuel_fruit_tree, serial_bayou_shore_a
Lair:5:   layout_gridlike, serial_bayou_shore_b
Lair:6:   minmay_lair_end_enchanted_forest, layout_hall_layers,
          dpeg_slime_entry_corner, nicolae_volcano_entry_hallway, uniq_rupert

Skill      XL: |  1  2  3  4  5  6  7  8  9 10 11 12 13 |
---------------+----------------------------------------+-----
Conjurations   | 2 3 4 5 6 7 |  7.7
Summonings     | 2 3 4 5 6 7 |  7.7
Translocations | 2 3 4 5 6 7 |  7.7
Invocations    | 1 2 3 4 5 6 7 8 9 |  9.7
Fighting       | 1 2 3 4 5 6 7 8 |  8.9
Short Blades   | 1 2 3 4 5 6 7 8 |  8.9
Long Blades    | 1 2 3 4 5 6 7 8 |  8.9
Axes           | 1 2 3 4 5 6 7 8 |  8.9
Maces & Flails | 1 2 3 4 5 6 7 8 |  8.9
Polearms       | 1 2 3 4 5 6 7 8 |  8.9
Staves         | 1 2 3 4 5 6 7 8 |  8.9
Slings         | 1 2 3 4 5 6 7 8 |  8.9
Bows           | 1 2 3 4 5 6 7 8 |  8.9
Crossbows      | 1 2 3 4 5 6 7 8 |  8.9
Throwing       | 1 2 3 4 5 6 7 8 |  8.9
Armour         | 1 2 3 4 5 6 7 8 |  8.9
Shields        | 1 2 3 4 5 6 7 8 |  8.9
Unarmed Combat | 1 2 3 4 5 6 7 8 |  8.9
Evocations     | 1 2 3 4 5 6 7 8 |  8.9
Hexes          | 1 2 3 4 5 6 7 |  7.4
Necromancy     | 1 2 3 4 5 6 7 |  7.4
Transmutations | 1 2 3 4 5 6 7 |  7.4
Fire Magic     | 1 2 3 4 5 6 7 |  7.4
Ice Magic      | 1 2 3 4 5 6 7 |  7.4
Air Magic      | 1 2 3 4 5 6 7 |  7.4
Earth Magic    | 1 2 3 4 5 6 7 |  7.4
Poison Magic   | 1 2 3 4 5 6 7 |  7.4
Dodging        | 5 6 7 8 9 10 | 10.0
Stealth        | 5 6 7 8 9 |  9.8
Spellcasting   | 8 9 10 11 | 11.3

Action                   |  1- 3 |  4- 6 |  7- 9 | 10-12 | 13-15 || total
-------------------------+-------+-------+-------+-------+-------++-------
Melee: Dagger            |    24 |       |       |       |       ||    24
       Short sword       |    22 |   103 |     7 |       |       ||   132
       Bite              |     1 |    10 |    33 |    52 |    45 ||   141
       Punch             |       |     1 |     5 |    10 |       ||    16
       Whip              |       |       |   201 |    31 |       ||   232
       Spear             |       |       |       |   236 |       ||   236
       Pair of quick bla |       |       |       |   214 |   301 ||   515
 Cast: Magic Dart        |    83 |   100 |    62 |    60 |    79 ||   384
       Call Imp          |     2 |       |       |       |       ||     2
       Mephitic Cloud    |       |     2 |    10 |    10 |       ||    22
       Stone Arrow       |       |       |    47 |    73 |    22 ||   142
       Blink             |       |       |     9 |     8 |     2 ||    19
       Conjure Flame     |       |       |     3 |    27 |     1 ||    31
       Fulminant Prism   |       |       |       |     3 |       ||     3
Invok: Heroism           |       |       |       |    10 |     4 ||    14
       Finesse           |       |       |       |     1 |       ||     1
  Use: Scroll            |       |       |     8 |     6 |     1 ||    15
 Stab: Sleeping          |     2 |     3 |     5 |     2 |     5 ||    17
       Confused          |       |       |     3 |    10 |       ||    13
       Distracted        |       |       |       |       |     1 ||     1
Armor: Robe              |    18 |       |       |       |       ||    18
       Animal skin       |       |    29 |    35 |    66 |    35 ||   165
       Scale mail        |       |       |       |       |     3 ||     3
Dodge: Dodged            |    51 |    80 |   193 |   283 |   121 ||   728

Table legend: (Time is in decaauts)
 A = Elapsed time spent in this place.
 B = Non-inter-level travel time spent in this place.
 C = Inter-level travel time spent in this place.
 D = Time resting spent in this place.
 E = Time spent auto-exploring this place.
 F = Levels seen in this place.
 G = Mean time per level.
                   A        B        C        D        E       F      G
               +--------+--------+--------+--------+--------+-----+--------+
         Total |  31803 |  30830 |    973 |  12224 |   6351 |  18 | 1766.8 |
       Dungeon |  23180 |  22417 |    763 |   9433 |   3820 |  11 | 2107.3 |
        Temple |     16 |     16 |      0 |      0 |     11 |   1 |   16.0 |
          Lair |   8606 |   8396 |    210 |   2791 |   2520 |   6 | 1434.3 |
               +--------+--------+--------+--------+--------+-----+--------+

Top non-repeatable levels by time:
     D:8: 4862 daAuts
     D:6: 3162 daAuts
     D:7: 3061 daAuts
  Lair:2: 2255 daAuts
     D:9: 2141 daAuts
     D:1: 2115 daAuts
     D:5: 1700 daAuts
  Lair:5: 1700 daAuts
  Lair:4: 1641 daAuts
  Lair:1: 1592 daAuts
    D:10: 1412 daAuts
     D:4: 1400 daAuts
     D:2: 1287 daAuts
    D:11: 1234 daAuts
  Lair:3: 1070 daAuts
